cohdb
Replays
Latest Replays
All Replays
Popular Replays
Top Player Replays
Match Explorer
How It Works
Community
CoH3 Stats
Reddit
Sign in to upload your games and track your stats! →
Sign in with Steam
Match 44500286
Unlisted
Match 44500286
Overview
Messages
Build Orders
End
Royal Engineer Section
Selects Australian Defense Battlegroup
Selects Australian Light Infantry Section
Australian Light Infantry Section
Vickers Machine Gun Team
Construct Field Infirmary
Construct Section Command Post
Australian Light Infantry Section
Construct Platoon Command Post
Unlock Bishop Self-propelled Artillery
BOBI
Mafioznik
woof_raff
I AM NOOB
0
0
Comments
sign in to comment!
No comments posted yet!